 Dungeon Crawl Stone Soup version 0.29-a0-337-g68df138881 (webtiles) character file.

Game seed: 16495209723901479239

297 Dauddaud the Cleaver (level 6, -1/76 HPs)
             Began as a Minotaur Berserker on Apr 16, 2022.
             Was a Believer of Trog.
             Slain by a gnoll
             ... wielding a +0 spear
              (7 damage)
             ... on level 4 of the Dungeon.
             The game lasted 00:08:05 (3717 turns).

Dauddaud the Cleaver (Minotaur Berserker)           Turns: 3717, Time: 00:08:07

Health: -1/76      AC:  2    Str: 24    XL:     6   Next: 12%
Magic:  5/5        EV: 12    Int:  4    God:    Trog [**....]
Gold:   217        SH:  0    Dex:  9    Spells: 5/5 levels left

rFire   . . .      SeeInvis .   k - +0 halberd
rCold   . . .      Faith    .   (shield currently unavailable)
rNeg    . . .      Spirit   .   b - +0 animal skin
rPois   .          Reflect  .   (helmet restricted)
rElec   .          Harm     .   (no cloak)
rCorr   .          Rampage  .   (no gloves)
Will    .....                   (no boots)
Stlth   ..........              (no amulet)
HPRegen 0.22/turn               (no ring)
MPRegen 0.09/turn               (no ring)

@: berserking, very quick
A: horns 2, retaliatory headbutt
a: Renounce Religion, Berserk, Trog's Hand


You were on level 4 of the Dungeon.
You worshipped Trog.
Trog was pleased with you.
You visited 1 branch of the dungeon, and saw 4 of its levels.

You collected 217 gold pieces.

Inventory:

Hand Weapons
 a - a +0 hand axe
 k - a +0 halberd (weapon)
 t - a +0 war axe
Missiles
 l - a throwing net (quivered)
Armour
 b - a +0 animal skin (worn)
Jewellery
 e - an amulet of magic regeneration
Wands
 r - a wand of charming (9)
Scrolls
 c - 5 scrolls of identify {unknown}
 h - a scroll of teleportation {unknown}
 i - 2 scrolls of noise {unknown}
 j - a scroll of fear {unknown}
 o - a scroll of torment {unknown}
 p - a scroll of enchant armour {unknown}
 s - a scroll of acquirement {unknown}
 u - a scroll of magic mapping {unknown}
Potions
 d - 2 potions of curing {unknown}
 f - 2 potions of haste {unknown}
 g - a potion of heal wounds {unknown}
 m - a potion of brilliance {unknown}
 n - 2 potions of berserk rage {unknown}
 q - a potion of might {unknown}


   Skills:
 - Level 3.6 Fighting
 + Level 8.3 Axes
 - Level 2.4 Armour
 - Level 2.1 Dodging


You had 5 spell levels left.
You didn't know any spells.
Your spell library was empty.

Dungeon Overview and Level Annotations

Branches:
Dungeon (4/15)
 Temple: D:4-7

Altars:
Elyvilon


Innate Abilities, Weirdness & Mutations

You have a pair of horns on your head.
You reflexively headbutt those who attack you in melee.


Message History

The giant cockroach barely misses you. You furiously retaliate!
You headbutt the giant cockroach.
You kill the giant cockroach!
Trog accepts your kill.
The gnoll shouts!
A gnoll comes into view. It is wielding a +0 spear.
The gnoll shouts!
You puncture the gnoll!
You kill the gnoll!
Trog accepts your kill.
The gnoll hits you from afar with a +0 spear.
The gnoll misses you.
The gnoll hits you from afar with a +0 spear.
The gnoll hits you with a +0 spear. The gnoll closely misses you.
You furiously retaliate!
You headbutt the gnoll!
Things that are here:
a +0 whip; a gnoll corpse You hit the gnoll but do no damage.
The gnoll hits you with a +0 spear. The gnoll hits you with a +0 spear!
The gnoll hits you from afar with a +0 spear.
You closely miss the gnoll. The gnoll barely misses you.
The gnoll hits you with a +0 spear.
The gnoll hits you from afar with a +0 spear.
* * * LOW HITPOINT WARNING * * *
A red film seems to cover your vision as you go berserk!
You feel yourself moving faster!
You feel mighty! The gnoll hits you with a +0 spear.
* * * LOW HITPOINT WARNING * * *
The gnoll hits you with a +0 spear.
* * * LOW HITPOINT WARNING * * *
The gnoll hits you from afar with a +0 spear.
* * * LOW HITPOINT WARNING * * *
You barely miss the gnoll.
The gnoll is severely wounded.
The gnoll hits you with a +0 spear.
* * * LOW HITPOINT WARNING * * *
The gnoll hits you with a +0 spear.
* * * LOW HITPOINT WARNING * * *
The gnoll hits you from afar with a +0 spear!
You die...

#..#...÷................
#....).......####......
##...........## #......
#..........### ##.....
#...........#### #.....
#..............#####....
#................###....
#(..................#...
#......†@#####...........
#......gg# ######......
#......g.# #####..
#.......## ### #........
##....... #.......
#......


You could see 3 gnolls.

Vanquished Creatures
  A scorpion (D:4)
  A hound (D:4)
  Ijyb (D:3)
  Jessica (D:2)
  4 adders
  4 gnolls
  An ufetubus (D:4)
  4 worms
  2 dart slugs
  2 orcs (D:4)
  4 endoplasms
  4 giant cockroaches
  8 hobgoblins
  3 jackals (D:1)
  5 quokkas
  3 ball pythons
  2 bats (D:2)
  A frilled lizard (D:3)
  4 goblins
  6 kobolds
  2 rats (D:1)
63 creatures vanquished.

Notes
Turn   | Place    | Note
-------+----------+-------------------------------------------
     0 | D:1      | Dauddaud the Minotaur Berserker began the quest for the
                  | Orb.
     0 | D:1      | Reached XP level 1. HP: 19/19 MP: 0/0
    67 | D:1      | Reached skill level 4 in Axes
   216 | D:1      | Reached XP level 2. HP: 26/26 MP: 1/1
   533 | D:1      | Found a faded altar of an unknown god.
   919 | D:2      | Reached skill level 5 in Axes
   927 | D:2      | Reached ** piety under Trog
   928 | D:2      | Reached XP level 3. HP: 21/31 MP: 2/2
  1116 | D:2      | Noticed Jessica
  1124 | D:2      | Killed Jessica
  1125 | D:2      | Reached skill level 6 in Axes
  1125 | D:2      | Reached XP level 4. HP: 12/39 MP: 3/3
  1590 | D:2      | Found a white marble altar of Elyvilon.
  1991 | D:3      | Noticed Ijyb
  2004 | D:3      | Killed Ijyb
  2005 | D:3      | Reached skill level 7 in Axes
  2005 | D:3      | Reached XP level 5. HP: 35/45 MP: 4/4
  3214 | D:4      | Reached skill level 8 in Axes
  3568 | D:4      | Reached XP level 6. HP: 45/51 MP: 5/5
  3717 | D:4      | Slain by a gnoll

Illustrated notes

Levels and vault maps discovered:
D:1:      mrwooster_arrival_statue_3, layout_loops_ring,
          ebering_ecumenical_altar_mist, minmay_misc_feat_pillars
D:2:      minmay_wonky_spiral, layout_rooms, basic_altar, grunt_ministairs_11,
          uniq_jessica
D:3:      layout_loops_corners, hangedman_decor_growths, uniq_ijyb
D:4:      layout_cave_pods, serial_shops, shop, uniq_grinder

Skill      XL: |  1  2  3  4  5 |
---------------+----------------+-----
Axes           | 4 5 6 7 8 |  8.3
Fighting       | |  3.6
Armour         | |  2.4
Dodging        | |  2.1

Action                   |  1- 3 |  4- 6 || total
-------------------------+-------+-------++-------
Melee: Hand axe          |    59 |     4 ||    63
       Headbutt          |    10 |    12 ||    22
       Halberd           |       |    96 ||    96
       Punch             |       |     1 ||     1
Invok: Berserk           |     1 |     1 ||     2
 Stab: Sleeping          |       |     1 ||     1
Armor: Animal skin       |     7 |    12 ||    19
Dodge: Dodged            |    36 |    63 ||    99

Table legend: (Time is in decaauts)
 A = Elapsed time spent in this place.
 B = Non-inter-level travel time spent in this place.
 C = Inter-level travel time spent in this place.
 D = Time resting spent in this place.
 E = Time spent auto-exploring this place.
 F = Levels seen in this place.
 G = Mean time per level.
                   A        B        C        D        E       F      G
               +--------+--------+--------+--------+--------+-----+--------+
         Total |   3753 |   3704 |     49 |    753 |   2545 |   4 |  938.2 |
       Dungeon |   3753 |   3704 |     49 |    753 |   2545 |   4 |  938.2 |
               +--------+--------+--------+--------+--------+-----+--------+

Top non-repeatable levels by time:
     D:3: 1038 daAuts
     D:2: 1007 daAuts
     D:4: 926 daAuts
     D:1: 780 daAuts
